Nordiques vs Maple Leafs

Created - 7 avril 2015 at 19:48

Goals
1 2 3 T
Nordiques 1 1 2 4
Maple Leafs 2 0 1 3
Shots
1 2 3 T
Nordiques 9 8 10 27
Maple Leafs 13 6 9 28

1st period

1. Nordiques , Tyler Arnason 19 (Marcel Hossa, Bryan McCabe) at 2:15 (PP)
2. Maple Leafs , Tobias Enstrom 7 (Byron Bitz) at 11:16
3. Maple Leafs , Alexander Frolov 32 (Braydon Coburn, Byron Bitz) at 17:31 (SH)

Penalties :
Colby Armstrong (Tor) for Roughing (Minor) at 1:42, Byron Bitz (Tor) for Diving (Minor) at 3:59, Brendan Morrison (Tor) for Tripping (Minor) at 16:44

2nd period

4. Nordiques , Marcel Hossa 13 (Ryan Parent, Alexander Perezhogin) at 8:54 (PP)

Penalties :
Peter Prucha (Que) for Interference (Minor) at 0:50, Brian Pothier (Que) for Diving (Minor) at 3:36, Brendan Morrison (Tor) for Slashing (Minor) at 7:50, Matt Duchene (Que) for Roughing (Double Minor) at 15:38

3rd period

5. Nordiques , Ryan Parent 2 (Jordan Leopold) at 3:40 (PP)
6. Maple Leafs , Evgeni Malkin 52 (Dion Phaneuf) at 7:32
7. Nordiques , Brian Pothier 4 (Jeff Halpern) at 19:08

Penalties :
Colby Armstrong (Tor) for Hooking (Minor) at 3:12, Alexander Frolov (Tor) for Slashing (Minor) at 7:47, Ed Jovanovski (Que) for Butt-ending (Major / Game Misconduct) at 10:49, Justin Abdelkader (Tor) for High sticking (Minor) at 16:32

Goalie Stats

Jean-Sébastien Giguère (Que), 25 saves from 28 shots - (0,893), W, 22-22-4, 60:00 minutes
Marc-André Fleury (Tor), 23 saves from 27 shots - (0,852), L, 34-21-7, 59:12 minutes

Players Stats for Nordiques

Player Name              G  A  P  +/- PIM S  H  SB GA TA FO     MP     PP MP  PK MP  
------------------------------------------------------------------------------------
Alexander Perezhogin     0  1  1  -3  0   2  2  0  0  0  0/0    13:46   4:09   0:41 
Alexei Ponikarovsky      0  0  0   1  0   0  0  1  0  0  1/1    10:37   0:00   4:50 
Andrei Kostitsyn         0  0  0   0  0   5  1  0  1  2  1/2    21:46   5:52   2:48 
Brett Lebda              0  0  0   0  0   2  0  0  0  0  0/0    21:16   3:27   5:36 
Brian Pothier            1  0  1   1  2   2  1  0  1  1  0/0    10:32   0:00   1:12 
Bryan McCabe             0  1  1  -1  0   1  0  1  0  1  0/0    20:45   3:27   5:36 
Ed Jovanovski            0  0  0   0  15  0  0  1  1  0  0/0     9:17   0:00   0:31 
Jeff Halpern             0  1  1   1  0   0  1  0  0  0  5/7    11:30   0:00   5:44 
Jordan Leopold           0  1  1  -2  0   0  1  4  1  1  0/0    28:45   6:34   6:08 
Marcel Hossa             1  1  2  -3  0   2  0  1  0  0  0/1    13:18   4:09   0:00 
Matt Duchene             0  0  0   0  4   2  0  0  0  0  21/34  19:56   5:52   0:56 
Matt Ellison             0  0  0   1  0   1  0  0  2  1  0/0     5:45   0:00   0:00 
Mattias Weinhandl        0  0  0   0  0   1  0  0  0  0  0/0     8:55   0:00   0:00 
Patrik Elias             0  0  0   0  0   0  3  0  1  0  0/0    12:25   0:00   3:09 
Peter Prucha             0  0  0   0  2   5  3  0  1  0  3/5    23:47   5:52   4:45 
Rickard Wallin           0  0  0   0  0   0  1  1  0  0  1/3    12:37   0:00   3:40 
Ryan Parent              1  1  2  -2  0   1  2  0  0  1  0/0    28:45   6:34   6:08 
Tyler Arnason            1  0  1  -3  0   3  1  0  0  0  2/10   13:18   4:09   0:00 

Players Stats for Maple Leafs

Player Name              G  A  P  +/- PIM S  H  SB GA TA FO     MP     PP MP  PK MP  
------------------------------------------------------------------------------------
Alexander Frolov         1  0  1   2  2   2  3  2  0  0  2/4    20:13   5:54   2:34 
Blake Comeau             0  0  0  -1  0   1  1  0  0  0  0/0     9:27   1:28   2:05 
Braydon Coburn           0  1  1   1  0   1  3  2  0  4  0/0    28:00   5:00   6:08 
Brendan Morrison         0  0  0   1  4   1  1  0  0  0  5/7    16:28   5:02   0:11 
Byron Bitz               0  2  2   2  2   2  1  0  0  0  0/2    17:46   4:54   2:17 
Claude Giroux            0  0  0   1  0   8  2  1  3  0  8/16   24:38   6:00   6:16 
Colby Armstrong          0  0  0   0  4   1  0  0  1  0  0/0     9:55   1:46   0:00 
Dion Phaneuf             0  1  1   1  0   0  1  2  1  1  0/0    30:33   7:01   6:44 
Evgeni Malkin            1  0  1   1  0   4  1  1  1  0  11/27  24:46   5:55   6:13 
Fabian Brunnstrom        0  0  0   1  0   0  0  0  0  0  1/2    16:05   5:03   0:26 
Jordan Staal             0  0  0   0  0   1  0  0  0  0  1/2     8:26   0:19   0:00 
Justin Abdelkader        0  0  0  -1  2   0  1  0  1  0  0/0     6:35   0:43   0:00 
Lubomir Visnovsky        0  0  0   1  0   2  1  1  0  0  0/0    19:18   5:00   3:17 
Matt Pettinger           0  0  0   0  0   1  1  1  0  0  0/1     9:51   1:44   0:00 
Noah Welch               0  0  0   0  0   1  0  1  0  1  0/0    10:56   0:55   0:36 
Rob Schremp              0  0  0  -1  0   0  0  0  0  1  1/2     5:42   0:00   0:00 
Taylor Chorney           0  0  0   0  0   1  2  0  0  1  0/0    10:49   1:35   0:00 
Tobias Enstrom           1  0  1   1  0   2  0  2  0  0  0/0    20:24   6:21   3:17 

3 Stars

1 - Alexander Frolov (Tor)
2 - Evgeni Malkin (Tor)
3 - Tobias Enstrom (Tor)

Power Play

Nordiques - 3 on 7 Attempt(s) - 42,86%
Maple Leafs - 0 on 5 Attempt(s) - 0,00%

Penalty Kill

Nordiques - 5 on 5 Attempt(s) - 100,00% - Score 0 goal in Penalty Kill
Maple Leafs - 4 on 7 Attempt(s) - 57,14% - Score 1 goal in Penalty Kill

Team Stat

Nordiques - Hits : 16 - Faceoff Wins : 34 - Blocked Shots : 9 - Penalty Minutes : 23
Maple Leafs - Hits : 18 - Faceoff Wins : 29 - Blocked Shots : 13 - Penalty Minutes : 14

Official

Referees : Jackson Dave and O'Halloran Dan
Linesman : Lyle Seitz and Brian Mach

Game Notes

Ed Jovanovski ejected from game at 10:49 of 3rd period
Ed Jovanovski from Nordiques is suspended for 1 game(s)

Finance

Level 1 -- Attendance: 4361 (72,68%) -- Ticket Income 436 100 $
Level 2 -- Attendance: 3219 (64,38%) -- Ticket Income 209 235 $
Level 3 -- Attendance: 1194 (59,70%) -- Ticket Income 50 148 $
Level 4 -- Attendance: 2263 (56,58%) -- Ticket Income 67 890 $
Luxury Box -- Attendance: 709 (70,90%) -- Ticket Income 131 165 $
Game was played at the Maple Leafs Garden'
Total Attendance: 11746 (65,26%)
Total Ticket Income: 894 538 $
Other Income: 134 181 $
Total Income: 1 028 719 $

Nordiques

5 vs 5 Forward 
   Center                   Left Wing                Right Wing               Time % Phy DF OF 
 1 Matt Duchene             Andrei Kostitsyn         Peter Prucha             40     0   2  3  
 2 Tyler Arnason            Marcel Hossa             Alexander Perezhogin     30     0   2  3  
 3 Rickard Wallin           Patrik Elias             Mattias Weinhandl        20     1   2  2  
 4 Jeff Halpern             Alexei Ponikarovsky      Matt Ellison             10     1   2  2  

5 vs 5 Defense 
   Defense                  Defense                                           Time % Phy DF OF 
 1 Jordan Leopold           Ryan Parent                                       40     0   2  3  
 2 Bryan McCabe             Brett Lebda                                       30     0   2  3  
 3 Ed Jovanovski            Brian Pothier                                     20     1   2  2  
 4 Jordan Leopold           Ryan Parent                                       10     1   2  2  

PowerPlay Forward 
   Center                   Left Wing                Right Wing               Time % Phy DF OF 
 1 Matt Duchene             Andrei Kostitsyn         Peter Prucha             60     0   1  4  
 2 Tyler Arnason            Marcel Hossa             Alexander Perezhogin     40     0   1  4  

PowerPlay Defense
   Defense                  Defense                                           Time % Phy DF OF 
 1 Jordan Leopold           Ryan Parent                                       60     0   2  3  
 2 Bryan McCabe             Brett Lebda                                       40     0   2  3  

Penalty Kill 4 Players Forward 
   Center                   Wing                     Time % Phy DF OF 
 1 Jeff Halpern             Peter Prucha             60     1   3  1  
 2 Rickard Wallin           Alexei Ponikarovsky      40     1   3  1  

Penalty Kill 4 Players Defense
   Defense                  Defense                  Time % Phy DF OF 
 1 Jordan Leopold           Ryan Parent              60     1   3  1  
 2 Bryan McCabe             Brett Lebda              40     1   3  1  

Penalty Kill - 3 Players Forward 
   Forward                                           Time % Phy DF OF 
 1 Jeff Halpern                                      60     1   3  1  
 2 Rickard Wallin                                    40     1   3  1  

Penalty Kill - 3 Players Defense
   Defense                  Defense                  Time % Phy DF OF 
 1 Jordan Leopold           Ryan Parent              60     1   3  1  
 2 Bryan McCabe             Brett Lebda              40     1   3  1  

4 vs 4 Forward 
   Center                   Wing                     Time % Phy DF OF 
 1 Matt Duchene             Andrei Kostitsyn         60     0   2  3  
 2 Tyler Arnason            Alexander Perezhogin     40     0   2  3  

4 vs 4 Defense
   Defense                  Defense                  Time % Phy DF OF 
 1 Jordan Leopold           Ryan Parent              60     1   2  2  
 2 Bryan McCabe             Brett Lebda              40     1   2  2  

Last Minutes Offensive
   Center                   Left Wing                Right Wing               Defense                  Defense                  
   Matt Duchene             Andrei Kostitsyn         Peter Prucha             Jordan Leopold           Ryan Parent              

Last Minutes Defensive
   Center                   Left Wing                Right Wing               Defense                  Defense                  
   Matt Duchene             Andrei Kostitsyn         Peter Prucha             Jordan Leopold           Ryan Parent              

Goaltenders
Starting : Jean-Sébastien Giguère   
Backup : Chris Mason              

Extra Forwards
Normal : Patrik Elias, Andrei Kostitsyn, Matt Duchene - PP : Marcel Hossa, Andrei Kostitsyn - PK : Patrik Elias
Extra Defensemen
Normal : Brian Pothier, Ryan Parent, Jordan Leopold - PP : Brian Pothier - PK : Jordan Leopold, Ryan Parent
Penalty Shots
Peter Prucha, Andrei Kostitsyn, Marcel Hossa, Matt Duchene, Tyler Arnason

Maple Leafs

5 vs 5 Forward 
   Center                   Left Wing                Right Wing               Time % Phy DF OF 
 1 Evgeni Malkin            Alexander Frolov         Claude Giroux            40     0   1  4  
 2 Brendan Morrison         Fabian Brunnstrom        Byron Bitz               30     1   2  2  
 3 Jordan Staal             Matt Pettinger           Colby Armstrong          20     1   2  2  
 4 Rob Schremp              Justin Abdelkader        Blake Comeau             10     1   2  2  

5 vs 5 Defense 
   Defense                  Defense                                           Time % Phy DF OF 
 1 Dion Phaneuf             Braydon Coburn                                    40     1   2  2  
 2 Tobias Enstrom           Lubomir Visnovsky                                 30     1   2  2  
 3 Taylor Chorney           Noah Welch                                        20     1   2  2  
 4 Dion Phaneuf             Braydon Coburn                                    10     1   2  2  

PowerPlay Forward 
   Center                   Left Wing                Right Wing               Time % Phy DF OF 
 1 Evgeni Malkin            Alexander Frolov         Claude Giroux            60     1   2  2  
 2 Brendan Morrison         Fabian Brunnstrom        Byron Bitz               40     1   2  2  

PowerPlay Defense
   Defense                  Defense                                           Time % Phy DF OF 
 1 Dion Phaneuf             Tobias Enstrom                                    60     1   2  2  
 2 Braydon Coburn           Lubomir Visnovsky                                 40     1   2  2  

Penalty Kill 4 Players Forward 
   Center                   Wing                     Time % Phy DF OF 
 1 Claude Giroux            Evgeni Malkin            60     1   2  2  
 2 Alexander Frolov         Byron Bitz               40     1   2  2  

Penalty Kill 4 Players Defense
   Defense                  Defense                  Time % Phy DF OF 
 1 Dion Phaneuf             Braydon Coburn           60     1   2  2  
 2 Tobias Enstrom           Lubomir Visnovsky        40     1   2  2  

Penalty Kill - 3 Players Forward 
   Forward                                           Time % Phy DF OF 
 1 Evgeni Malkin                                     60     1   2  2  
 2 Brendan Morrison                                  40     1   2  2  

Penalty Kill - 3 Players Defense
   Defense                  Defense                  Time % Phy DF OF 
 1 Dion Phaneuf             Braydon Coburn           60     1   2  2  
 2 Tobias Enstrom           Lubomir Visnovsky        40     1   2  2  

4 vs 4 Forward 
   Center                   Wing                     Time % Phy DF OF 
 1 Claude Giroux            Evgeni Malkin            60     1   2  2  
 2 Brendan Morrison         Byron Bitz               40     1   2  2  

4 vs 4 Defense
   Defense                  Defense                  Time % Phy DF OF 
 1 Dion Phaneuf             Tobias Enstrom           60     1   2  2  
 2 Braydon Coburn           Lubomir Visnovsky        40     1   2  2  

Last Minutes Offensive
   Center                   Left Wing                Right Wing               Defense                  Defense                  
   Evgeni Malkin            Alexander Frolov         Claude Giroux            Dion Phaneuf             Tobias Enstrom           

Last Minutes Defensive
   Center                   Left Wing                Right Wing               Defense                  Defense                  
   Evgeni Malkin            Alexander Frolov         Claude Giroux            Dion Phaneuf             Braydon Coburn           

Goaltenders
Starting : Marc-André Fleury        
Backup : Mike Smith               

Extra Forwards
Normal : Colby Armstrong, Matt Pettinger, Blake Comeau - PP : Colby Armstrong, Matt Pettinger - PK : Blake Comeau
Extra Defensemen
Normal : Taylor Chorney, Tobias Enstrom, Noah Welch - PP : Taylor Chorney - PK : Noah Welch, Braydon Coburn
Penalty Shots
Claude Giroux, Evgeni Malkin, Alexander Frolov, Byron Bitz, Fabian Brunnstrom

% Time on Ice - Nordiques

Lines # - Real PCT - Wanted PCT - Time Play
Normal Forward
1 - 34% - 40% - 12:23
2 - 25% - 30% - 9:09
3 - 25% - 20% - 8:55
4 - 16% - 10% - 5:45
Normal Defense
1 - 40% - 40% - 14:34
2 - 32% - 30% - 11:42
3 - 26% - 20% - 9:18
4 - 2% - 10% - 0:38
PP Forward
1 - 59% - 60% - 5:52
2 - 41% - 40% - 4:09
PP Defense
1 - 66% - 60% - 6:34
2 - 34% - 40% - 3:27
PK Forward
1 - 79% - 60% - 10:12
2 - 21% - 40% - 2:44
PK Defense
1 - 57% - 60% - 7:20
2 - 43% - 40% - 5:36
PK3 Forward
1 - 0% - 60%
2 - 0% - 40%
PK3 Defense
1 - 0% - 60%
2 - 0% - 40%
44 Forward
1 - 0% - 60%
2 - 0% - 40%
44 Defense
1 - 0% - 60%
2 - 0% - 40%
Last Minute Offensive  - 0:00
Last Minute Defensive  - 0:51
Total
Forward - 60:00
Defense - 60:00

% Time on Ice - Maple Leafs

Lines # - Real PCT - Wanted PCT - Time Play
Normal Forward
1 - 33% - 40% - 11:47
2 - 29% - 30% - 10:36
3 - 22% - 20% - 8:07
4 - 16% - 10% - 5:42
Normal Defense
1 - 42% - 40% - 15:03
2 - 32% - 30% - 11:27
3 - 24% - 20% - 8:48
4 - 2% - 10% - 0:54
PP Forward
1 - 60% - 60% - 7:47
2 - 40% - 40% - 5:09
PP Defense
1 - 58% - 60% - 7:32
2 - 42% - 40% - 5:24
PK Forward
1 - 70% - 60% - 6:58
2 - 30% - 40% - 3:03
PK Defense
1 - 67% - 60% - 6:44
2 - 33% - 40% - 3:17
PK3 Forward
1 - 0% - 60%
2 - 0% - 40%
PK3 Defense
1 - 0% - 60%
2 - 0% - 40%
44 Forward
1 - 0% - 60%
2 - 0% - 40%
44 Defense
1 - 0% - 60%
2 - 0% - 40%
Last Minute Offensive  - 0:51
Last Minute Defensive  - 0:00
Total
Forward - 60:00
Defense - 60:00

Play by Play

1st period


0:01 of 1st period - Matt Duchene wins face-off versus Evgeni Malkin in neutral zone.
0:26 of 1st period - Dion Phaneuf is hit by Patrik Elias and loses puck.
0:53 of 1st period - Snap shot by Claude Giroux.
0:53 of 1st period - Stopped by Jean-Sébastien Giguère with a rebound.
1:15 of 1st period - Snap shot by Evgeni Malkin.
1:15 of 1st period - Stopped by Jean-Sébastien Giguère without a rebound.
1:16 of 1st period - Brendan Morrison wins face-off versus Marcel Hossa in Nordiques zone.
1:42 of 1st period - Minor Penalty to Colby Armstrong for Roughing.
1:43 of 1st period - Andrei Kostitsyn wins face-off versus Claude Giroux in Maple Leafs zone.
1:52 of 1st period - Bryan McCabe is hit by Evgeni Malkin and loses puck.
2:15 of 1st period - Snap shot by Tyler Arnason.
2:15 of 1st period - Goal by Tyler Arnason - Nordiques : 1 - Maple Leafs : 0.
2:16 of 1st period - Matt Duchene wins face-off versus Brendan Morrison in neutral zone.
2:41 of 1st period - Braydon Coburn is hit by Brian Pothier and loses puck.
2:50 of 1st period - Wrist shot by Marcel Hossa.
2:50 of 1st period - Shot Blocked by Dion Phaneuf.
3:14 of 1st period - Slapshot by Alexei Ponikarovsky.
3:14 of 1st period - Shot Misses the Net.
3:59 of 1st period - Minor Penalty to Byron Bitz for Diving.
4:00 of 1st period - Claude Giroux wins face-off versus Matt Duchene in Maple Leafs zone.
4:06 of 1st period - Snap shot by Evgeni Malkin.
4:06 of 1st period - Shot Blocked by Jordan Leopold.
4:16 of 1st period - Andrei Kostitsyn is hit by Claude Giroux and loses puck.
5:59 of 1st period - Penalty to Byron Bitz is over, Byron Bitz is back on ice.
6:08 of 1st period - Snap shot by Matt Ellison.
6:08 of 1st period - Deflect By Alexei Ponikarovsky.
6:08 of 1st period - Shot Misses the Net.
6:08 of 1st period - Puck is out of play.
6:09 of 1st period - Alexei Ponikarovsky wins face-off versus Jordan Staal in Maple Leafs zone.
6:18 of 1st period - Wrist shot by Matt Ellison.
6:18 of 1st period - Stopped by Marc-André Fleury without a rebound.
6:19 of 1st period - Fabian Brunnstrom wins face-off versus Tyler Arnason in Maple Leafs zone.
6:46 of 1st period - Brett Lebda is hit by Alexander Frolov and loses puck.
7:10 of 1st period - Wrist shot by Andrei Kostitsyn.
7:10 of 1st period - Deflect By Braydon Coburn.
7:10 of 1st period - Stopped by Marc-André Fleury without a rebound.
7:11 of 1st period - Jordan Staal wins face-off versus Matt Duchene in Maple Leafs zone.
7:19 of 1st period - Wrist shot by Peter Prucha.
7:19 of 1st period - Deflect By Matt Pettinger.
7:19 of 1st period - Stopped by Marc-André Fleury with a rebound.
7:21 of 1st period - Snap shot by Andrei Kostitsyn.
7:21 of 1st period - Shot Misses the Net.
7:23 of 1st period - Wrist shot by Matt Duchene.
7:23 of 1st period - Shot Blocked by Tobias Enstrom.
7:25 of 1st period - Wrist shot by Brian Pothier.
7:25 of 1st period - Deflect By Tobias Enstrom.
7:25 of 1st period - Stopped by Marc-André Fleury without a rebound.
7:26 of 1st period - Tyler Arnason wins face-off versus Evgeni Malkin in Maple Leafs zone.
7:29 of 1st period - Wrist shot by Tyler Arnason.
7:29 of 1st period - Stopped by Marc-André Fleury without a rebound.
7:30 of 1st period - Tyler Arnason wins face-off versus Evgeni Malkin in Maple Leafs zone.
7:35 of 1st period - Snap shot by Marcel Hossa.
7:35 of 1st period - Deflect By Tyler Arnason.
7:35 of 1st period - Shot Misses the Net.
7:35 of 1st period - Puck is out of play.
7:36 of 1st period - Evgeni Malkin wins face-off versus Tyler Arnason in Maple Leafs zone.
7:43 of 1st period - Wrist shot by Claude Giroux.
7:43 of 1st period - Stopped by Jean-Sébastien Giguère with a rebound.
7:45 of 1st period - Snap shot by Claude Giroux.
7:45 of 1st period - Shot Blocked by Marcel Hossa.
7:47 of 1st period - Snap shot by Evgeni Malkin.
7:47 of 1st period - Stopped by Jean-Sébastien Giguère without a rebound.
7:48 of 1st period - Matt Duchene wins face-off versus Fabian Brunnstrom in Nordiques zone.
8:14 of 1st period - Ryan Parent is hit by Claude Giroux and loses puck.
8:23 of 1st period - Wrist shot by Evgeni Malkin.
8:23 of 1st period - Shot Blocked by Jordan Leopold.
8:25 of 1st period - Slapshot by Braydon Coburn.
8:25 of 1st period - Stopped by Jean-Sébastien Giguère with a rebound.
9:22 of 1st period - Wrist shot by Alexei Ponikarovsky.
9:22 of 1st period - Shot Blocked by Noah Welch.
9:42 of 1st period - Snap shot by Peter Prucha.
9:42 of 1st period - Stopped by Marc-André Fleury without a rebound.
9:43 of 1st period - Rob Schremp wins face-off versus Peter Prucha in Maple Leafs zone.
10:38 of 1st period - Snap shot by Byron Bitz.
10:38 of 1st period - Deflect By Brendan Morrison.
10:38 of 1st period - Shot Misses the Net.
10:38 of 1st period - Puck is out of play.
10:39 of 1st period - Evgeni Malkin wins face-off versus Matt Duchene in Nordiques zone.
10:40 of 1st period - Wrist shot by Claude Giroux.
10:40 of 1st period - Stopped by Jean-Sébastien Giguère with a rebound.
10:42 of 1st period - Snap shot by Alexander Frolov.
10:42 of 1st period - Deflect By Claude Giroux.
10:42 of 1st period - Shot Blocked by Bryan McCabe.
10:42 of 1st period - Puck is out of play.
10:43 of 1st period - Peter Prucha wins face-off versus Evgeni Malkin in Nordiques zone.
11:08 of 1st period - Snap shot by Evgeni Malkin.
11:08 of 1st period - Shot Misses the Net.
11:16 of 1st period - Slapshot by Tobias Enstrom.
11:16 of 1st period - Goal by Tobias Enstrom - Nordiques : 1 - Maple Leafs : 1.
11:17 of 1st period - Matt Duchene wins face-off versus Evgeni Malkin in neutral zone.
11:20 of 1st period - Evgeni Malkin is hit by Ryan Parent.
11:26 of 1st period - Ryan Parent is hit by Alexander Frolov and loses puck.
11:43 of 1st period - Ryan Parent is hit by Matt Pettinger and loses puck.
11:54 of 1st period - Slapshot by Colby Armstrong.
11:54 of 1st period - Stopped by Jean-Sébastien Giguère without a rebound.
11:55 of 1st period - Brendan Morrison wins face-off versus Rickard Wallin in Nordiques zone.
12:20 of 1st period - Claude Giroux is hit by Peter Prucha and loses puck.
13:51 of 1st period - Tyler Arnason is hit by Taylor Chorney and loses puck.
15:27 of 1st period - Snap shot by Claude Giroux.
15:27 of 1st period - Stopped by Jean-Sébastien Giguère with a rebound.
15:29 of 1st period - Snap shot by Claude Giroux.
15:29 of 1st period - Shot Blocked by Ed Jovanovski.
15:31 of 1st period - Snap shot by Lubomir Visnovsky.
15:31 of 1st period - Deflect By Claude Giroux.
15:31 of 1st period - Stopped by Jean-Sébastien Giguère with a rebound.
15:33 of 1st period - Slapshot by Evgeni Malkin.
15:33 of 1st period - Shot Misses the Net.
15:43 of 1st period - Slapshot by Tobias Enstrom.
15:43 of 1st period - Shot Misses the Net.
15:45 of 1st period - Slapshot by Lubomir Visnovsky.
15:45 of 1st period - Deflect By Blake Comeau.
15:45 of 1st period - Stopped by Jean-Sébastien Giguère with a rebound.
15:51 of 1st period - Slapshot by Rob Schremp.
15:51 of 1st period - Shot Misses the Net.
15:53 of 1st period - Slapshot by Lubomir Visnovsky.
15:53 of 1st period - Stopped by Jean-Sébastien Giguère with a rebound.
16:12 of 1st period - Andrei Kostitsyn is hit by Byron Bitz and loses puck.
16:16 of 1st period - Icing by Jordan Leopold.
16:17 of 1st period - Matt Duchene wins face-off versus Evgeni Malkin in Nordiques zone.
16:24 of 1st period - Slapshot by Peter Prucha.
16:24 of 1st period - Shot Blocked by Braydon Coburn.
16:26 of 1st period - Snap shot by Peter Prucha.
16:26 of 1st period - Shot Hit the Post.
16:28 of 1st period - Snap shot by Andrei Kostitsyn.
16:28 of 1st period - Shot Blocked by Evgeni Malkin.
16:30 of 1st period - Snap shot by Matt Duchene.
16:30 of 1st period - Stopped by Marc-André Fleury with a rebound.
16:36 of 1st period - Wrist shot by Peter Prucha.
16:36 of 1st period - Shot Misses the Net.
16:38 of 1st period - Slapshot by Brett Lebda.
16:38 of 1st period - Shot Blocked by Alexander Frolov.
16:40 of 1st period - Wrist shot by Peter Prucha.
16:40 of 1st period - Stopped by Marc-André Fleury without a rebound.
16:41 of 1st period - Brendan Morrison wins face-off versus Tyler Arnason in Maple Leafs zone.
16:41 of 1st period - Brendan Morrison is hit by Tyler Arnason.
16:44 of 1st period - Minor Penalty to Brendan Morrison for Tripping.
16:45 of 1st period - Claude Giroux wins face-off versus Matt Duchene in Maple Leafs zone.
17:12 of 1st period - Icing by Ryan Parent.
17:13 of 1st period - Claude Giroux wins face-off versus Tyler Arnason in Nordiques zone.
17:27 of 1st period - Icing by Ryan Parent.
17:28 of 1st period - Alexander Frolov wins face-off versus Tyler Arnason in Nordiques zone.
17:29 of 1st period - Slapshot by Byron Bitz.
17:29 of 1st period - Shot Misses the Net.
17:31 of 1st period - Slapshot by Braydon Coburn.
17:31 of 1st period - Deflect By Alexander Frolov.
17:31 of 1st period - Goal by Alexander Frolov - Nordiques : 1 - Maple Leafs : 2.
17:32 of 1st period - Claude Giroux wins face-off versus Matt Duchene in neutral zone.
17:34 of 1st period - Off-side.
17:35 of 1st period - Matt Duchene wins face-off versus Claude Giroux in neutral zone.
17:50 of 1st period - Snap shot by Andrei Kostitsyn.
17:50 of 1st period - Shot Blocked by Braydon Coburn.
18:20 of 1st period - Andrei Kostitsyn is hit by Dion Phaneuf and loses puck.
18:44 of 1st period - Penalty to Brendan Morrison is over, Brendan Morrison is back on ice.
18:49 of 1st period - Claude Giroux is hit by Patrik Elias and loses puck.
19:31 of 1st period - Colby Armstrong is hit by Andrei Kostitsyn and loses puck.
19:46 of 1st period - Patrik Elias is hit by Justin Abdelkader and loses puck.
Goals for this period are 1 for Nordiques vs 2 for Maple Leafs.
Shots for this period are 9 for Nordiques vs 13 for Maple Leafs.

2nd period


0:01 of 2nd period - Brendan Morrison wins face-off versus Matt Duchene in neutral zone.
0:09 of 2nd period - Off-side.
0:10 of 2nd period - Matt Duchene wins face-off versus Byron Bitz in neutral zone.
0:33 of 2nd period - Snap shot by Byron Bitz.
0:33 of 2nd period - Stopped by Jean-Sébastien Giguère with a rebound.
0:50 of 2nd period - Minor Penalty to Peter Prucha for Interference.
0:51 of 2nd period - Evgeni Malkin wins face-off versus Jeff Halpern in Nordiques zone.
2:50 of 2nd period - Penalty to Peter Prucha is over, Peter Prucha is back on ice.
3:19 of 2nd period - Brian Pothier is hit by Lubomir Visnovsky and loses puck.
3:28 of 2nd period - Snap shot by Colby Armstrong.
3:28 of 2nd period - Shot Misses the Net.
3:30 of 2nd period - Snap shot by Matt Pettinger.
3:30 of 2nd period - Stopped by Jean-Sébastien Giguère with a rebound.
3:36 of 2nd period - Minor Penalty to Brian Pothier for Diving.
3:37 of 2nd period - Jeff Halpern wins face-off versus Alexander Frolov in Nordiques zone.
5:36 of 2nd period - Penalty to Brian Pothier is over, Brian Pothier is back on ice.
6:40 of 2nd period - Lubomir Visnovsky is hit by Jeff Halpern and loses puck.
7:50 of 2nd period - Minor Penalty to Brendan Morrison for Slashing.
7:51 of 2nd period - Matt Duchene wins face-off versus Claude Giroux in Maple Leafs zone.
7:59 of 2nd period - Snap shot by Andrei Kostitsyn.
7:59 of 2nd period - Shot Misses the Net.
8:01 of 2nd period - Slapshot by Ryan Parent.
8:01 of 2nd period - Shot Blocked by Dion Phaneuf.
8:03 of 2nd period - Wrist shot by Andrei Kostitsyn.
8:03 of 2nd period - Stopped by Marc-André Fleury without a rebound.
8:04 of 2nd period - Claude Giroux wins face-off versus Andrei Kostitsyn in Maple Leafs zone.
8:17 of 2nd period - Slapshot by Jordan Leopold.
8:17 of 2nd period - Deflect By Andrei Kostitsyn.
8:17 of 2nd period - Stopped by Marc-André Fleury without a rebound.
8:18 of 2nd period - Matt Duchene wins face-off versus Claude Giroux in Maple Leafs zone.
8:35 of 2nd period - Peter Prucha is hit by Braydon Coburn and loses puck.
8:52 of 2nd period - Snap shot by Marcel Hossa.
8:52 of 2nd period - Deflect By Alexander Perezhogin.
8:52 of 2nd period - Stopped by Marc-André Fleury with a rebound.
8:54 of 2nd period - Slapshot by Ryan Parent.
8:54 of 2nd period - Deflect By Marcel Hossa.
8:54 of 2nd period - Goal by Marcel Hossa - Nordiques : 2 - Maple Leafs : 2.
8:55 of 2nd period - Matt Duchene wins face-off versus Evgeni Malkin in neutral zone.
9:45 of 2nd period - Snap shot by Jordan Staal.
9:45 of 2nd period - Stopped by Jean-Sébastien Giguère without a rebound.
9:46 of 2nd period - Matt Duchene wins face-off versus Evgeni Malkin in Nordiques zone.
9:48 of 2nd period - Icing by Andrei Kostitsyn.
9:49 of 2nd period - Evgeni Malkin wins face-off versus Matt Duchene in Nordiques zone.
9:54 of 2nd period - Snap shot by Alexander Frolov.
9:54 of 2nd period - Shot Misses the Net.
9:56 of 2nd period - Wrist shot by Evgeni Malkin.
9:56 of 2nd period - Shot Misses the Net.
10:30 of 2nd period - Byron Bitz is hit by Alexander Perezhogin.
10:49 of 2nd period - Backhand shot by Jordan Staal.
10:49 of 2nd period - Shot Blocked by Rickard Wallin.
10:55 of 2nd period - Dion Phaneuf is hit by Patrik Elias and loses puck.
11:19 of 2nd period - Snap shot by Jordan Staal.
11:19 of 2nd period - Deflect By Matt Pettinger.
11:19 of 2nd period - Shot Misses the Net.
11:19 of 2nd period - Puck is out of play.
11:20 of 2nd period - Jeff Halpern wins face-off versus Evgeni Malkin in Nordiques zone.
11:29 of 2nd period - Wrist shot by Alexei Ponikarovsky.
11:29 of 2nd period - Shot Blocked by Tobias Enstrom.
11:31 of 2nd period - Slapshot by Brett Lebda.
11:31 of 2nd period - Stopped by Marc-André Fleury without a rebound.
11:32 of 2nd period - Matt Duchene wins face-off versus Evgeni Malkin in Maple Leafs zone.
11:33 of 2nd period - Snap shot by Peter Prucha.
11:33 of 2nd period - Stopped by Marc-André Fleury without a rebound.
11:34 of 2nd period - Evgeni Malkin wins face-off versus Matt Duchene in Maple Leafs zone.
12:05 of 2nd period - Slapshot by Marcel Hossa.
12:05 of 2nd period - Stopped by Marc-André Fleury without a rebound.
12:06 of 2nd period - Brendan Morrison wins face-off versus Matt Duchene in Maple Leafs zone.
13:17 of 2nd period - Slapshot by Evgeni Malkin.
13:17 of 2nd period - Stopped by Jean-Sébastien Giguère with a rebound.
13:19 of 2nd period - Slapshot by Lubomir Visnovsky.
13:19 of 2nd period - Stopped by Jean-Sébastien Giguère with a rebound.
13:23 of 2nd period - Wrist shot by Claude Giroux.
13:23 of 2nd period - Shot Hit the Post.
13:25 of 2nd period - Slapshot by Lubomir Visnovsky.
13:25 of 2nd period - Shot Blocked by Alexei Ponikarovsky.
13:43 of 2nd period - Wrist shot by Matt Duchene.
13:43 of 2nd period - Shot Misses the Net.
14:22 of 2nd period - Slapshot by Brett Lebda.
14:22 of 2nd period - Stopped by Marc-André Fleury without a rebound.
14:23 of 2nd period - Evgeni Malkin wins face-off versus Rickard Wallin in Maple Leafs zone.
15:34 of 2nd period - Slapshot by Brendan Morrison.
15:34 of 2nd period - Stopped by Jean-Sébastien Giguère without a rebound.
15:35 of 2nd period - Matt Duchene wins face-off versus Evgeni Malkin in Nordiques zone.
15:35 of 2nd period - Matt Duchene is hit by Alexander Frolov.
15:38 of 2nd period - Double Minor Penalty to Matt Duchene for Roughing.
15:39 of 2nd period - Peter Prucha wins face-off versus Evgeni Malkin in Nordiques zone.
19:38 of 2nd period - Penalty to Matt Duchene is over, Matt Duchene is back on ice.
19:59 of 2nd period - Brian Pothier is hit by Taylor Chorney and loses puck.
Goals for this period are 1 for Nordiques vs 0 for Maple Leafs.
Shots for this period are 8 for Nordiques vs 6 for Maple Leafs.

3rd period


0:01 of 3rd period - Matt Duchene wins face-off versus Evgeni Malkin in neutral zone.
0:55 of 3rd period - Snap shot by Mattias Weinhandl.
0:55 of 3rd period - Shot Blocked by Lubomir Visnovsky.
1:35 of 3rd period - Snap shot by Matt Duchene.
1:35 of 3rd period - Shot Misses the Net.
1:37 of 3rd period - Slapshot by Bryan McCabe.
1:37 of 3rd period - Stopped by Marc-André Fleury with a rebound.
1:39 of 3rd period - Slapshot by Brett Lebda.
1:39 of 3rd period - Shot Blocked by Alexander Frolov.
1:55 of 3rd period - Off-side.
1:56 of 3rd period - Matt Duchene wins face-off versus Byron Bitz in neutral zone.
2:09 of 3rd period - Wrist shot by Andrei Kostitsyn.
2:09 of 3rd period - Shot Misses the Net.
2:11 of 3rd period - Wrist shot by Peter Prucha.
2:11 of 3rd period - Stopped by Marc-André Fleury without a rebound.
2:12 of 3rd period - Evgeni Malkin wins face-off versus Tyler Arnason in Maple Leafs zone.
2:27 of 3rd period - Slapshot by Tyler Arnason.
2:27 of 3rd period - Deflect By Alexander Perezhogin.
2:27 of 3rd period - Stopped by Marc-André Fleury with a rebound.
2:37 of 3rd period - Peter Prucha is hit by Brendan Morrison and loses puck.
3:12 of 3rd period - Minor Penalty to Colby Armstrong for Hooking.
3:13 of 3rd period - Matt Duchene wins face-off versus Claude Giroux in Maple Leafs zone.
3:20 of 3rd period - Wrist shot by Andrei Kostitsyn.
3:20 of 3rd period - Stopped by Marc-André Fleury without a rebound.
3:21 of 3rd period - Claude Giroux wins face-off versus Matt Duchene in Maple Leafs zone.
3:32 of 3rd period - Wrist shot by Claude Giroux.
3:32 of 3rd period - Stopped by Jean-Sébastien Giguère without a rebound.
3:33 of 3rd period - Evgeni Malkin wins face-off versus Peter Prucha in Nordiques zone.
3:40 of 3rd period - Slapshot by Ryan Parent.
3:40 of 3rd period - Goal by Ryan Parent - Nordiques : 3 - Maple Leafs : 2.
3:41 of 3rd period - Matt Duchene wins face-off versus Evgeni Malkin in neutral zone.
4:21 of 3rd period - Slapshot by Brett Lebda.
4:21 of 3rd period - Shot Blocked by Matt Pettinger.
4:46 of 3rd period - Snap shot by Tyler Arnason.
4:46 of 3rd period - Stopped by Marc-André Fleury with a rebound.
4:56 of 3rd period - Wrist shot by Byron Bitz.
4:56 of 3rd period - Stopped by Jean-Sébastien Giguère with a rebound.
5:45 of 3rd period - Lubomir Visnovsky is hit by Alexander Perezhogin and loses puck.
6:24 of 3rd period - Icing by Peter Prucha.
6:25 of 3rd period - Alexander Frolov wins face-off versus Jeff Halpern in Nordiques zone.
6:42 of 3rd period - Snap shot by Evgeni Malkin.
6:42 of 3rd period - Shot Misses the Net.
7:01 of 3rd period - Off-side.
7:02 of 3rd period - Matt Duchene wins face-off versus Brendan Morrison in neutral zone.
7:27 of 3rd period - Jordan Leopold is hit by Braydon Coburn and loses puck.
7:32 of 3rd period - Wrist shot by Evgeni Malkin.
7:32 of 3rd period - Goal by Evgeni Malkin - Nordiques : 3 - Maple Leafs : 3.
7:33 of 3rd period - Matt Duchene wins face-off versus Evgeni Malkin in neutral zone.
7:47 of 3rd period - Minor Penalty to Alexander Frolov for Slashing.
7:48 of 3rd period - Matt Duchene wins face-off versus Claude Giroux in Maple Leafs zone.
7:48 of 3rd period - Snap shot by Andrei Kostitsyn.
7:48 of 3rd period - Shot Blocked by Claude Giroux.
7:58 of 3rd period - Claude Giroux is hit by Jordan Leopold and loses puck.
8:13 of 3rd period - Dion Phaneuf is hit by Peter Prucha and loses puck.
8:30 of 3rd period - Snap shot by Matt Duchene.
8:30 of 3rd period - Stopped by Marc-André Fleury without a rebound.
8:31 of 3rd period - Claude Giroux wins face-off versus Tyler Arnason in Maple Leafs zone.
9:47 of 3rd period - Penalty to Alexander Frolov is over, Alexander Frolov is back on ice.
9:53 of 3rd period - Noah Welch is hit by Rickard Wallin and loses puck.
10:00 of 3rd period - Snap shot by Matt Pettinger.
10:00 of 3rd period - Shot Misses the Net.
10:02 of 3rd period - Backhand shot by Noah Welch.
10:02 of 3rd period - Stopped by Jean-Sébastien Giguère with a rebound.
10:04 of 3rd period - Slapshot by Taylor Chorney.
10:04 of 3rd period - Stopped by Jean-Sébastien Giguère with a rebound.
10:49 of 3rd period - Major / Game Misconduct Penalty to Ed Jovanovski for Butt-ending.
10:49 of 3rd period - Ed Jovanovski is ejected from game.
10:50 of 3rd period - Peter Prucha wins face-off versus Alexander Frolov in Nordiques zone.
10:59 of 3rd period - Snap shot by Alexander Frolov.
10:59 of 3rd period - Stopped by Jean-Sébastien Giguère without a rebound.
11:00 of 3rd period - Jeff Halpern wins face-off versus Evgeni Malkin in Nordiques zone.
11:06 of 3rd period - Icing by Alexander Frolov.
11:07 of 3rd period - Jeff Halpern wins face-off versus Claude Giroux in Maple Leafs zone.
11:44 of 3rd period - Snap shot by Evgeni Malkin.
11:44 of 3rd period - Shot Misses the Net.
14:00 of 3rd period - Snap shot by Andrei Kostitsyn.
14:00 of 3rd period - Stopped by Marc-André Fleury without a rebound.
14:01 of 3rd period - Evgeni Malkin wins face-off versus Matt Duchene in Maple Leafs zone.
14:58 of 3rd period - Colby Armstrong is hit by Peter Prucha and loses puck.
15:49 of 3rd period - Penalty to Ed Jovanovski is over, Alexander Perezhogin is send on ice.
16:16 of 3rd period - Brett Lebda is hit by Blake Comeau and loses puck.
16:32 of 3rd period - Minor Penalty to Justin Abdelkader for High sticking.
16:33 of 3rd period - Claude Giroux wins face-off versus Tyler Arnason in Maple Leafs zone.
17:34 of 3rd period - Brett Lebda is hit by Braydon Coburn and loses puck.
18:02 of 3rd period - Icing by Matt Duchene.
18:03 of 3rd period - Matt Duchene wins face-off versus Claude Giroux in Nordiques zone.
18:32 of 3rd period - Penalty to Justin Abdelkader is over, Justin Abdelkader is back on ice.
18:42 of 3rd period - Snap shot by Mattias Weinhandl.
18:42 of 3rd period - Stopped by Marc-André Fleury without a rebound.
18:43 of 3rd period - Rickard Wallin wins face-off versus Matt Pettinger in Maple Leafs zone.
18:50 of 3rd period - Tobias Enstrom is hit by Ryan Parent and loses puck.
19:06 of 3rd period - Slapshot by Matt Ellison.
19:06 of 3rd period - Deflect By Rob Schremp.
19:06 of 3rd period - Shot Misses the Net.
19:06 of 3rd period - Puck is out of play.
19:07 of 3rd period - Jeff Halpern wins face-off versus Rob Schremp in Maple Leafs zone.
19:08 of 3rd period - Slapshot by Brian Pothier.
19:08 of 3rd period - Goal by Brian Pothier - Nordiques : 4 - Maple Leafs : 3.
19:09 of 3rd period - Evgeni Malkin wins face-off versus Matt Duchene in neutral zone.
19:12 of 3rd period - Maple Leafs, Marc-André Fleury is pulled from the net.
19:14 of 3rd period - Wrist shot by Claude Giroux.
19:14 of 3rd period - Stopped by Jean-Sébastien Giguère with a rebound.
19:16 of 3rd period - Snap shot by Tobias Enstrom.
19:16 of 3rd period - Shot Blocked by Jordan Leopold.
19:18 of 3rd period - Wrist shot by Alexander Frolov.
19:18 of 3rd period - Shot Blocked by Jordan Leopold.
19:52 of 3rd period - Slapshot by Claude Giroux.
19:52 of 3rd period - Stopped by Jean-Sébastien Giguère with a rebound.
19:54 of 3rd period - Snap shot by Tobias Enstrom.
19:54 of 3rd period - Stopped by Jean-Sébastien Giguère without a rebound.
19:55 of 3rd period - Pat Burns call a timeout for Maple Leafs.
19:55 of 3rd period - Evgeni Malkin wins face-off versus Matt Duchene in Nordiques zone.
Goals for this period are 2 for Nordiques vs 1 for Maple Leafs.
Shots for this period are 10 for Nordiques vs 9 for Maple Leafs.


Output by the SimonT Hockey Simulator (STHS) for François Prévost -- Original Page W3C XHTML 1.0 Valid
Hockey Simulator - Hockey Simulation - Hockey Manager